[Event "44th Chess Olympiad Women 2022"]
[Site "Chennai"]
[Date "2022.08.05"]
[Round "7.4"]
[White "Peycheva, Gergana"]
[Black "Socko, Monika"]
[Result "1/2-1/2"]
[WhiteElo "2295"]
[BlackElo "2416"]
[Annotator "TA"]
[PlyCount "163"]
[EventDate "2022.??.??"]
[TimeControl "60"]

1. d4 Nf6 2. c4 e6 3. Nc3 Bb4 4. Qc2 O-O 5. e4 d6 6. e5 Ne8 {[%emt 0:09:16] Recently 6...
Nfd7 got a lot of attention. E32: Nimzo-Indian: Classical (4 Qc2): 4...0-0.} (
6... dxe5 $11 7. dxe5 Ng4) 7. Nf3 c5 8. dxc5
{[%emt 0:04:13] [#]} dxe5 $146 {[%emt 0:02:38] White is slightly better.} ({
Predecessor:} 8... Bxc5 9. exd6 Nc6 10. a3 Bxd6 11. Bd3 f5 12. Bg5 Nf6 13.
O-O-O h6 14. Bd2 a6 {1-0 (32) Benitah,Y (2396)-Berend,F (2328) Geneve 2016}) 9.
Nxe5 Bxc5 10. Bd3 f5 11. O-O Nd7 12. Bf4 Nxe5 13. Bxe5 Nf6 14. Rad1 {[%emt 0:15:57][%cal Yd3f5] aiming for Bxf5!} Bd7 15.
Be2 Qe8 16. Bf3 Bc6 17. Qe2 Rc8 18. Rfe1 Bxf3 19. Qxf3 Ng4 20. Rd2 (20. Bd4 $14) 20... Rd8 21.
Rde2 ({Don't blunder} 21. Qxb7 $2 Nxe5
22. Rxd8 Qxd8 $19) 21... b6 22. Bg3 Qf7 23. Rxe6 $40 {[%emt 0:04:02] Black needs to defend precisely.}
Rd4 (23... f4 $1 $11 24. Bh4 Qh5) 24. h3 $16 Nf6 25. Qxf5 Rxc4 26. Bd6 Bxd6 27. Rxd6 Rc5 28. Qe6 {[%emt 0:03:56] White is much more active.
} h6 29. Qxf7+ Rxf7 30. Re2 Rf5 31. g3 h5 32. Kg2 g5 33. Rde6 Kf8 (33... Kg7 $16 {was necessary.} 34. a3 Rd7 35. Re7+ Kf8 36.
Rxd7 Nxd7) 34. R6e5 Nd7 35. Rxf5 Rxf5 {[%emt 0:00:01] Endgame KRN-KRN} 36. Re4 Nc5 37. Rd4 Ke7 38. Nd5+ Ke6 39. Ne3 Re5 40. Rd8 Kf7 41. Ra8 Re7 42. Rh8 Kg6 43. Rh6+ Kxh6 44. Nf5+ Kh7 45. Nxe7 {[%emt 0:00:05] KN-KN} Nd3 46. Nc8 Nxb2 47. Nxa7 Kg6 48. Kf3 Kf5 49. Nc8 g4+ 50. hxg4+ hxg4+ 51. Ke2 $1 Nc4 (51... Na4 $16 {keeps some hope.}) 52. Kd3
$18 Ne5+ (52... Nb2+ $142 53. Kd4 Nd1 54.
Nxb6 Ke6) 53. Kd4 Nc6+ {[%emt 0:00:17] [#]} 54. Ke3 $1 Nb4 {[%emt 0:04:33] [#]} 55. a4 Nd5+ 56. Kd4 Ke6 57. Nxb6 $2 Nxb6 {[%emt 0:00:26] KN-K3P. The position is equal.} 58. a5 Nd7 59. Ke4 {[%emt 0:00:03] Black must now prevent Kf4.}
Nc5+ 60. Kf4 Nd3+ $1 61.
Kxg4 {[%emt 0:02:10] Hoping for a6.} Nxf2+ $11 {[%emt 0:00:04] KN-KPP} 62. Kf3 Nd3 63. a6 {[%emt 0:00:09] a7 would kill now.
} Ne5+ 64. Kf4 {[%emt 0:01:23] White threatens a7 and mate.}
Nc6 65. Kg5 Kf7 66. Kf5 Na7 67. Ke5 Kg6 68. Kd6 Kg5 69. Kc7 Kg4 70. Kb7 Nb5 71. Kb6 Nd6 72. Kc6 Nc8 73. Kc7 Na7 74. Kb8 Nb5 75. Kb7 Kxg3 {[%emt 0:00:07] KN-KP} 76. Kb6 Nd6 77. Kc6 Nc8 78. Kb7 Nd6+ 79. Kc7 Nb5+ $1 80. Kb6 Nd6 81. Kc7 Nb5+ $1 82. Kb6 {[%emt 0:00:17] Black
defended with fortune. Weighted Error Value: White=0.20 (precise) /Black=0.27 
(precise)} 1/2-1/2

[Event "44th Chess Olympiad Women 2022"]
[Site "Chennai"]
[Date "2022.08.05"]
[Round "7.5"]
[White "Belenkaya, Dina"]
[Black "Mkrtchian, Lilit"]
[Result "1/2-1/2"]
[WhiteElo "2256"]
[BlackElo "2362"]
[Annotator "TA"]
[PlyCount "99"]
[EventDate "2022.??.??"]
[TimeControl "60"]

1. e4 c5 2.
Nf3 Nc6 3. Bb5 d6 4. O-O Bd7 5. Re1 Nf6 6. c3 a6 7. Bf1 Bg4 8. d3 e6 9. Nbd2 {[%emt 0:01:10] B51: Sicilian: Moscow Variation (3 Bb5+) without 3...
Bd7.} Be7 10. a3 (10. h3 $5 Bh5 11. g4 $11) 10... d5 {[%emt 0:02:32] [#]} 11. Qc2 $146 {[%emt 0:12:15] The
position is equal.} ({Predecessor:} 11. e5 Nd7 12. Qa4 Bh5 13. h4 Bg6 14. Qg4
O-O 15. h5 Bf5 16. Qg3 h6 17. c4 {½-½ (33) Hunt,H (2440)-Williams,S (2472)
London 2018}) 11... Rc8 12. Be2 O-O 13. Nf1 b5 14. Ng3 d4 15. c4 bxc4 16. dxc4 h5 17. h4 (17. Rd1 $15) 17...
Nd7 $1 $19 18. Ng5 Nde5 {[%emt 0:00:15]
Hoping for ...d3.} 19. Bxg4 hxg4 20. Qd1 Qd7 (20... Nxc4 21. Qxg4 N6e5 22. Qd1 $17) 21.
f4 gxf3 $1 (21... Nxc4 $2 22. Qa4 Nb6 23. Qb3
$19) 22. gxf3 (22. Nxf3 $142 Nxc4 23. b3) 22... f6 23. Nh3 d3 24. Kh1 Nxc4 25. Bd2 $2 (25. b3 N4a5 26. Ra2) 25...
Nd4 26. Nh5 Qe8 27. N3f4 (27. N5f4 $142 Nxb2 28. Qc1) 27... e5 28. Rg1 Rf7 $2 (28... exf4 29. Nxg7 Qd7) 29. Nxd3 (29. Nd5 $142 Nxd2 30. Qxd2 Nxf3 31. Qxd3 Nxg1 32. Rxg1) 29...
Qd7 30. Nf2 {[%emt 0:00:13] Inhibits Qh3+.} (30.
Rg3 $142) 30... Rd8 (30... Kh8 $19 {has better winning
chances. Threatens to win with ...f5.} 31. Bc3 f5) 31. Bh6 $17 Bf8 {[%emt 0:00:15] [#]} (31... Nxb2 32. Qd2 Nxf3 33. Qxb2 $14) (
31... g5 $1 $15 {keeps the upper hand.} 32. Qd3 Qe6) 32. Ng4 $2 (32. Bxg7 $1 $16 {is forced if you want to stay better.} Bxg7 33. Rxg7+ Kf8
34. Rg6 (34. Nxf6 Qe6 $16)) 32... Kh8 33. Bc1 (33. b3 {is a better defense.} Na5 34. b4) 33... f5 $19 34.
exf5 Qxf5 35. Bg5 Rdd7 36. Ng3 (36. Nh2 {might work better.}) 36...
Qxf3+ $2 (36... Qe6 $19 37. Nh2 {[#]} Nxf3 $1) 37. Qxf3 $17 Nxf3 (37... Rxf3 38. Rac1 Rxg3 39. Rxg3 $16)
38. Rg2 Rd4 39. Ne2 Rd3 (39... Rd6 $19 40. Nc3 Kg8) 40. Ng1 Nxg5 41. hxg5 Rf5 42. Nh2 (42. Rc1 $17 Ne3 43. Nxe3 (43. Rg3 $2 Nxg4 44. Rxg4 Be7 $19)
43... Rxe3 44. Rd1) 42... g6 43. Rc1 Ne3 44. Rg3 e4 {[%emt 0:00:00] Strongly
threatening ...Bd6.} 45. Rh3+ Kg7 46. Re1 Nd1 ({Don't do} 46... Rxg5 47. Rhxe3 (47.
Rexe3 c4 $15) 47... Rh5 48. Rxd3 (48. Rxe4 Bd6 $11) 48... exd3 49. Ngf3 $14)
47. Ng4 (47. Rxd3 $17 Nf2+ 48. Kg2 Nxd3 49. Rxe4) 47... Rxg5 ({But not} 47... Nxb2 $2 48. Re2 Nc4 49. Rxe4 $19) (47... Rd4
$19 {is more deadly.} 48. Ne2 Rd3) 48. Rxd3 {[%emt 0:00:00] Remove Defender.
Black is better.} exd3 49. Rxd1 {[%emt 0:00:00] And now Ne3
would win.} Rxg4 50. Rxd3 {[%emt 0:00:00] Weighted Error
Value: White=0.59/Black=0.56} 1/2-1/2

[Event "44th Chess Olympiad Women 2022"]
[Site "Chennai"]
[Date "2022.08.05"]
[Round "7.5"]
[White "Danielian, Elina"]
[Black "Efroimski, Marsel"]
[Result "1/2-1/2"]
[WhiteElo "2441"]
[BlackElo "2456"]
[Annotator "TA"]
[PlyCount "98"]
[EventDate "2022.??.??"]
[TimeControl "60"]

1. Nf3 c5 2. c4 Nc6 3. g3 g6 4. Bg2 Bg7 5. O-O d6 6. Nc3 Rb8 7. e3 Nf6 8. d4 O-O 9. h3 a6 10. a4 {[%emt 0:02:24] E65: King's Indian: Fianchetto: 6...c5 7 0-0 without d5
by White.} Nb4 11. Qe2 (11. e4 $5 ) 11... Nd7 12. Rd1 {[%emt 0:02:26] [#]} b6 $146 ({Predecessor:} 12... Qa5 13. Bd2 Qc7 14. Rac1 b6 15. Nd5 Nxd5
16. cxd5 Qd8 17. Bc3 b5 18. dxc5 Bxc3 19. Rxc3 Nxc5 20. axb5 Rxb5 {1-0 (28)
Makoto,R (2166)-Gaealafshwe,B (2117) Maputo 2011}) 13. d5 (13.
b3 {with more complications.} Bb7 14. Bb2 e6 15. Na2) 13... Qc7 14. e4 e5 15. Be3 Nf6 16. Ne1 Ne8 17. f4 f5 18. Nf3 (18. fxe5 $11 Bxe5 19.
exf5) 18... fxe4 ({Black should try} 18... Bh6 $1 $15) 19.
Nxe4 $11 Bf5 $1 20. Nfg5 Qe7 21. Rd2 h6 (21... Nf6 $11)
22. Ne6 $1 $14 Bxe6 23. dxe6 Qxe6 24. fxe5 {[%emt 0:01:09] White is more active.} Qxe5 25. Rf1 (25. Bf4 $14 Qe7 26. Bxd6 (26. Nxd6
Qxe2 27. Rxe2 g5 $17) 26... Nxd6 27. Rxd6) 25... Rxf1+ $11 26.
Qxf1 Qe7 27. Qf4 Rd8 28. Bf2 (28. Qg4 $11 g5 29. h4) 28... g5 (28... Kh7 $15) 29. Qf5 Nc7 30. Qg6 Ne6 31. Nc3 Qf7 32. Qe4 Nd4 33. Qg4 (33. Nd5 $15 Nxd5 34. Qxd5) 33... Qxc4 $17 34. h4 gxh4 35. Be3 (35. Bf1 $17 Qb3 36. Bxd4 cxd4 37. Rxd4 Qxb2 38. Rxb4 Qxc3 39. Qxh4)
35... Qe6 36. Qxe6+ Nxe6 37.
Nd5 Nxd5 (37... hxg3 $19 {Hoping for ...a5.}
38. Nxb4 cxb4 39. Bxb6 Rc8) 38. Bxd5 Kf7 (
38... hxg3 39. Bxe6+ Kf8 40. Bf4 $16) 39. b4 $2 (39. gxh4 $17
Ke7 40. Re2) 39... Ke7 $19 (39... cxb4 $2 40. gxh4 Ke7 41.
Bxb6 $19) 40. gxh4 Nd4 {[%emt 0:01:05] Against Re2} (40...
cxb4 $2 41. Bxb6 Rb8 42. Ba7 $19) (40... Bd4 $19 {and Black stays clearly on
top.} 41. Bxd4 Nxd4) 41. Rg2 (41. Rf2 $17 Rd7 42. Kg2 (42.
Rf7+ $2 Ke8 $19)) 41... Nf5 42. Bd2 Bd4+ 43. Kf1 {[%emt 0:00:00] [#]} cxb4 $1 44. Ke2 Bc3 ({Wrong is} 44... Nxh4 $2 45. Rg4 Nf5 46.
Bxb4 $17) 45. Bc1 Kf6 (45... Nxh4 $2 46. Rf2
Bf6 47. Rf4 $19) 46. Kd3 Rd7 ({But not} 46...
Nxh4 $2 47. Rf2+ Ke5 48. Bc4 $17) (46... Re8 $19 {And now ...Re1 would win.}
47. Be4 Re5) 47. Rf2 $17 Ke5 48. Bc4 {
[%emt 0:00:00] [#] A strong pair of Bishops.} Rg7 ({Not} 48...
Nxh4 49. Bf4+ Kf6 50. Be3+ Ke5 51. Bf4+ Kf6 52. Be3+ Kg7 53. Bxa6 $15) (48...
d5 $1 $17 49. Bf4+ Ke6 50. Bxa6 Nd6 51. Re2+ Kf5 52. Bxd6 Rxd6
53. Bc8+ Kf4) 49. Re2+ $11 Kf6 {[%emt 0:00:41] Weighted Error
Value: White=0.26 (precise) /Black=0.23 (precise)} 1/2-1/2

[Event "44th Chess Olympiad Women 2022"]
[Site "Chennai"]
[Date "2022.08.05"]
[Round "7.5"]
[White "Lahav, Michal"]
[Black "Gaboyan, Susanna"]
[Result "0-1"]
[WhiteElo "2191"]
[BlackElo "2270"]
[Annotator "NA RC"]
[PlyCount "133"]
[EventDate "2022.??.??"]
[TimeControl "60"]

1. e4 c5 2. c3 Nf6 3. e5 Nd5 4. Nf3 Nc6 5. Bc4 Nb6 6. Bb3 d5 7. exd6 Qxd6 8.
O-O Be6 9. Bxe6 Qxe6 10. a4 Qd7 11. d4 cxd4 12. cxd4 e6 13.
Nc3 Be7 14. a5 Nd5 15. a6 b6 16. Qa4 O-O 17. Nb5 Rfd8 18. Bd2 Rac8 19. Rfc1 h6 20. h3 Bf6 21. Rc4 Nce7 22. b3 Nf5 23. Ne5 Bxe5 24. dxe5 Rxc4 25. Qxc4 Nde7 26. Bb4 Rc8 27. Qe2 Nd4 28. Nxd4 Qxd4 29. Qe1 Nd5 30. Bd2 Qd3 31. b4 Rc2 32. Rd1 Qxa6 33. Qe4 Qc4 34. Qf3 Qc7 35. Bf4 Rc3 36. Be3 Qxe5 37. Re1 Qc7 38. Kh1 Qc4 39. Qg3 Qxb4 40. Qb8+ Kh7 41. Bd2 Rxh3+ 42. gxh3 Qxd2 43. Qe5 Qxf2 44. Qe4+ g6 45. Ra1 a5 46. Ra3 Qf1+ 47. Kh2 Qf4+ 48. Qxf4 Nxf4 49. Kg3 Nd5 50. Kf3 g5 51. Ke4 Kg6 52. Ke5 h5 53. Ra1 Nf4 54. Ra3 f6+ 55.
Ke4 Nd5 56. Ra1 Kf7 57. Kd4 Ke7 58. Kc4 Kd6 59. Re1 g4 60.
hxg4 hxg4 61. Kd4 f5 62. Rh1 g3 63. Rh8 f4 64. Ke4 g2 65.
Rd8+ Ke7 66. Rg8 Nf6+ 67. Kd4 0-1

[Event "44th Chess Olympiad Women 2022"]
[Site "Chennai"]
[Date "2022.08.05"]
[Round "7.5"]
[White "Sargsyan, Anna M."]
[Black "Klinova, Masha"]
[Result "1/2-1/2"]
[WhiteElo "2378"]
[BlackElo "2251"]
[Annotator "TA"]
[PlyCount "97"]
[EventDate "2022.??.??"]
[TimeControl "60"]

1. d4 d6 2. e4 Nf6 3. Nc3 g6 4. f4 Bg7 5. Nf3 O-O 6. Bd3 Nc6 7. e5 dxe5 8. fxe5 Nh5 9. Be3 Bg4 10. Be2 f6 11. exf6 exf6 12. Qd2 {
[%emt 0:03:15] B09: Pirc Defence: Austrian Attack.} Re8 13.
O-O-O Qe7 {[%emt 0:08:16] [#]} (13... Ne7 $1 $11 14. Bd3 Nf5
15. Bxf5 Bxf5) 14. Rhe1 $1 $16 {[%emt 0:04:13][%cal Yh2h3] White is better.}
Kh8 {[%emt 0:04:44] [#]} 15. Nd5 $146 ({Predecessor:} 15. Bh6
Rad8 16. Bb5 Qf7 17. Bxg7+ Nxg7 18. Rxe8+ Nxe8 19. Qf4 Bxf3 20. Qxf3 Na5 21.
Bxe8 Rxe8 {1-0 (31) Ziemacki,J-Dunat,W Poland 1994}) 15... Qd6 16. c4 {[%emt 0:00:42] Black must now prevent h3.} Ne7 17. Nc3 (17. Nxe7 $1 $11 Rxe7 18. Bd3)
17... Nf5 $15 18. Ng5 $1 fxg5 19. Bxg4 Nxe3 20. Rxe3 Qxh2 (20... Rxe3 $17 21. Qxe3 Nf6) 21. Rh3 $1 $11 Qf4 22. Bxh5 Qxd2+ 23.
Rxd2 {[%emt 0:00:12] [#] Strongly threatening Bxg6.} gxh5 24.
Rxh5 c6 25. Kc2 h6 26. d5 cxd5 27. Rxd5 Rac8 28. Kb3 Kg8 29. Rd7 Rb8 30. Nd5 (30. Rh1 $142)
30... Rf8 {[%emt 0:04:05] The position is equal.} (30... Red8 $5 31. Rc7 b5 $11) 31. Rh3 Rf7 32. Rxf7 Kxf7 {[%emt 0:00:04] Endgame KRB-KRN} 33. Rf3+ Ke6 34. Nc7+ Ke7 35. Nd5+ Ke6 36. Nc7+ Ke7 37. Re3+ Kd7 38. Ne6 Bf8 39. g4 Re8 40. Nxf8+ Rxf8 {[%emt 0:00:03] KR-KR} 41. Rh3 Rf4 42. Rxh6 Rxg4 43. Rh7+ Kc6 44. Kb4 Rg2 45. b3 Rxa2 46. Rh6+ Kc7 47. Rh7+ Kc6 48. Rh6+ Kc7 49. Rh7+ {[%emt 0:00:00] Weighted Error
Value: White=0.06 (flawless) /Black=0.06 (flawless)} 1/2-1/2

[Event "44th Chess Olympiad Women 2022"]
[Site "Chennai"]
[Date "2022.08.05"]
[Round "7.6"]
[White "Abdumalik, Zhansaya"]
[Black "Vo, Thi Kim Phung"]
[Result "1-0"]
[WhiteElo "2495"]
[BlackElo "2333"]
[Annotator "TA"]
[PlyCount "139"]
[EventDate "2022.??.??"]
[TimeControl "60"]

1. e4 e6 2. d4 d5 3. Nd2 c5 4. exd5 Qxd5 5.
Ngf3 cxd4 6. Bc4 Qd6 7. O-O Nf6 8. Nb3 Nc6 9. Nbxd4 Nxd4 10. Nxd4 Bd7 11. c3 Qc7 12. Qe2 Rc8 {[%emt 0:10:35] C07: French
Tarrasch: 3...c5, 4 Ngf3 and 4 exd5 Qxd5.} 13. Bb3 Bd6 14. g3 {[%emt 0:08:50] [#]} Bc5 $146 {[%emt 0:11:45] White is
slightly better.} ({Predecessor:} 14... O-O 15. Nb5 Bxb5 16. Qxb5 Rfd8 17. Bg5
Qc5 18. Qxc5 Bxc5 19. Bxf6 gxf6 20. Rad1 {½-½ (20) Vorobiov,E (2435)
-Rustemov,A (2550) Krasnodar 1997}) 15. Bf4 Qb6 (15... Qd8 $1 $14) 16. Be5 {[%emt 0:00:05] White is much more active.} (
16. Nf5 $142 $1 Bf8 17. Rfe1) 16... Be7 $16 17.
Rad1 O-O {[%emt 0:02:27] [#]} 18. Rfe1 (18.
Nf5 $1 $16 exf5 19. Bxf6) 18... Rcd8 19. h4 Bc6 20. h5 Bd5 21. Bc2 Rc8 22. Bb1 (22. b3
$1 $16) 22... Rfd8 $14 23. b3 Nd7 (23... Rxc3 $2 24. Nf5 $1 (24. Nxe6 Rxg3+ 25. Bxg3 fxe6 $16) 24... exf5
25. Bxc3 $18) 24. Qd3 (24. Nf5 $5 exf5 25. Rxd5 $14) 24... g6
$1 25. Bf4 Bf6 {[%emt 0:00:06] Strongly
threatening ...e5.} 26. c4 $132 {[%emt 0:04:11] White is fighting back} Nc5 (26... Bxc4 $5 27. bxc4 e5 $11) 27. Qe3 Be4 {
[%emt 0:00:40] Threatens to win with ...Bxb1.} 28. Bxe4 Nxe4 29. Qxe4 Bxd4 30. Qf3 Qc6 31. Kg2 Qxf3+ 32. Kxf3 Bc3 33. Rh1 Bf6 34. Be3 b6 35. g4 Bc3 36. g5 Kf8 37. Ke2 Ke7 38. Bc1 e5 39. Rd3 Rxd3 40. Kxd3 $11 {
[%emt 0:00:01] Endgame KRB-KRB} Bd4 41. f4 Ke6 42. Ke4 Rd8 43. Rd1 Re8 (43... Rf8 $1 $14) 44. Rf1 ({White should try} 44. Ba3 $18) 44... f5+ $16 (44... gxh5
$2 45. f5+ (45. Rh1 f5+ 46. gxf6 Rd8 $16) 45... Ke7 46. Ba3+ Bc5 47. Bxc5+ bxc5
48. Rh1 $18 (48. Kxe5 h6 $16)) 45. gxf6 $1 Rf8 46. hxg6 hxg6 47. Rh1 {[%emt 0:00:00] Rh7
is the strong threat.} Rxf6 {[%emt 0:00:00] [#]} (47... Rd8 $16 {is a better
defense.}) 48. Rh7 $1 $18 Bc5 49. Rxa7 exf4 50. Bxf4 g5 51. Bxg5 Rf2 52. Ra8 Re2+ 53. Kd3 Rg2 54. Bd2 Rg3+ 55. Kc2 Rg2 56. Re8+ Kd7 57. Re5 Kc6 58. Kd3 Rg3+ 59. Ke4 Rg2 60. Rd5 Re2+ 61. Kd3 Rg2 62. b4 Bd6 (62... Rg3+ {was worth a try.} 63. Ke2 Bf8
64. b5+ Kb7) 63. a4 {[%emt 0:00:00] And now b5+ would win.} Rg3+ (63... Rxd2+ {was called for.} 64. Kxd2 Bxb4+ 65. Ke3 Bf8) 64. Kc2 Ra3 $2 (64... Rg4 $18) 65. b5+ {[%emt 0:00:00]
White mates.} Kc7 {[%emt 0:00:16] [#]} 66. Rxd6 $1 Rxa4 (66... Ra2+ 67. Kb3) 67. Rc6+ Kb7 68. Kb3 Ra1 69. Be3 Rb1+ 70. Kc3 {[%emt 0:00:00] Weighted Error Value: White=0.10
(very precise) /Black=0.14 (very precise)} 1-0

[Event "44th Chess Olympiad Women 2022"]
[Site "Chennai"]
[Date "2022.08.05"]
[Round "7.6"]
[White "Bach, Ngoc Thuy Duong"]
[Black "Nurgali, Nazerke"]
[Result "1/2-1/2"]
[WhiteElo "2192"]
[BlackElo "2181"]
[Annotator "ChessBase"]
[PlyCount "66"]
[EventDate "2022.??.??"]
[TimeControl "60"]

1. d4 d5 2. c4 e6 3. Nc3 Be7 4. cxd5 exd5 5. Bf4 Nf6 6. e3 Bf5 7. Nf3 O-O 8. Bd3 Bxd3 9. Qxd3 c6 10. O-O Nbd7 11. h3 Re8 12. Rab1 a5 13. Qc2 Nf8 14. Rfd1 Ng6 15. Ne5 Bd6 16. Nxg6 hxg6 17. Bxd6 Qxd6 18. a3 Ne4 19. Nxe4 Rxe4 20. b4 axb4 21. axb4 b5 22. Ra1 Ree8 23. Rdc1 Rxa1 24. Rxa1 Re6 25. Ra8+ Kh7 26. Qc3 Rf6 27. Ra7 Qe6 28. Qc5 Qf5 29. f3 Qb1+ 30. Kh2 Qe1 31. Qe7 Rxf3 32. gxf3 Qf2+ 33. Kh1 Qf1+ 1/2-1/2

[Event "44th Chess Olympiad Women 2022"]
[Site "Chennai"]
[Date "2022.08.05"]
[Round "7.6"]
[White "Hoang, Thi Bao Tram"]
[Black "Assaubayeva, Bibisara"]
[Result "1/2-1/2"]
[WhiteElo "2288"]
[BlackElo "2436"]
[Annotator "TA"]
[PlyCount "84"]
[EventDate "2022.??.??"]
[TimeControl "60"]

1. Nf3 c5 2. g3 g6 3. Bg2 Bg7 4. O-O Nc6 5. e4 e5 6. d3 Nge7 7. Be3 d6 8. c3 O-O 9. Na3 b6 10. Qd2 {[%emt 0:00:00] A04:
Unusual lines after 1 Nf3 and King's Indian Attack.} Re8 11.
d4 {[%emt 0:04:08] [#]} exd4 $146 ({Predecessor:} 11... Bg4
12. d5 Nb8 13. h3 Bc8 14. b4 Nd7 15. Rfd1 Rf8 16. Nc4 Nf6 17. Nfxe5 dxe5 18.
bxc5 bxc5 19. Nxe5 {½-½ (33) Cap,A (2346)-Marek,M (2419) Kouty nad Desnou
2016}) 12. cxd4 Bg4 (12... d5 $5 13. e5 Ba6 $15) 13. Nc2 Qd7 14. Rfe1 Rad8 15. d5 Na5 {[%emt 0:01:
56] [#] Threatens to win with ...Nc4.} 16. Na3 {[%emt 0:00:34] Against Nc4} Qa4 17. Bh6 Bxh6 18. Qxh6 {
[%emt 0:00:15] Ng5 would kill now.} Bxf3 19. Bxf3 Qd4 20. Rab1 a6 21.
Red1 Qf6 22. Bg2 b5 23. b3 c4 (
23... Nb7 $142) 24. Qe3 $16 {[%emt 0:04:33] aiming for Qb6.} Rb8 {[%emt 0:03:
15] Inhibits Qb6.} (24... cxb3 $16 25. axb3 Rb8) 25. b4 $18 Nb7 26. Nc2 Nc8 27. Nd4 Nd8 28. Qa3 Re7 29. Qc3 (29. Qxa6 $2 Ra7 30. Qa5 (30. e5 $2 Qxe5 31. Qxa7
Nxa7 $19) 30... Rxa5 $19) 29... Qg7 30. a4 {[%emt 0:00:16]
White is much more active. The black rooks are badly placed.} bxa4 (30... Na7 $16 {might work better.}) 31. Qxc4 Ra8 32. Rbc1 Nb6 33. Qa2 Rb7 34. Qa3 Qf6 35. Rd3 Rab8 36. Ne2 (
36. Qa1 $18) 36... Qe7 37. Rdc3 ({Better is} 
37. Rb1 $16) 37... Nd7 $2 (37... Nxd5 $1 $11 {and Black has
nothing to worry.} 38. exd5 Qxe2) 38. Rc4 $2 ({Weaker is} 38.
Qxa4 Rxb4 39. Qc2 (39. Qxa6 Nc5 $15) 39... Nc5 $11) (38. Rc7 $18) 38... Nb6 (38... Ne5 $11) 39. R4c2 Nd7 (39... Qf6 $16 40. f4 h5) 40. Rc4 ({Don't play} 40. Qxa4 Rxb4
41. Qxa6 Nc5 $16) ({White should try} 40. Rc7 $18) 40... Nb6 $16 {[%emt 0:01:
18] [#]} 41. R4c2 (41. Rd4 $1 $16) 41... Nd7 $1 $18 42. Rc4 ({Resist} 42. Qxa4 $6 Rxb4 43. Qxa6 Nc5 $14) (
42. Nd4 $18) 42... Nb6 {[%emt 0:06:45] Weighted Error Value: White=0.39/
Black=0.28 (precise)} 1/2-1/2

[Event "44th Chess Olympiad Women 2022"]
[Site "Chennai"]
[Date "2022.08.05"]
[Round "7.6"]
[White "Nakhbayeva, Guliskhan"]
[Black "Nguyen, Thi Mai Hung"]
[Result "1/2-1/2"]
[WhiteElo "2329"]
[BlackElo "2223"]
[Annotator "TA"]
[PlyCount "113"]
[EventDate "2022.??.??"]
[TimeControl "60"]

1. d4 d5 2. c4 c6 3. Nc3 Nf6 4. e3 Bf5 5. cxd5 cxd5 6. Qb3 Bc8 {[%emt 0:00:42] 6...Nc6 is the modern continuation.} 7. Nf3 e6 8. Bb5+ {[%emt 0:02:40] D10: Slav Defence:
3 cxd5 (without early Nf3) and 3 Nc3.} Nc6 9. O-O Be7 10. Bd2 O-O {[%emt 0:04:52] [#]} 11. Rfc1 $146 ({Predecessor:} 11.
Bxc6 bxc6 12. Rfc1 Bd7 13. Na4 Ne4 14. Qd1 Rb8 15. Ne5 c5 16. Ba5 Qe8 17. Nxd7
Qxd7 {1-0 (54) Kozul,Z (2631)-Ozbay,E (2035) Skopje 2017}) 11... Na5 12. Qc2 a6 13. Bd3 h6 (13... b5 $11) 14. Na4 $1 $14 b5 (14... Nc6 $14) 15. Nc5 $16 Nc4 16.
Be1 Qb6 ({Better is} 16... a5) 17. a4 ({Weaker is} 17. Bxc4 dxc4 18. b3 Bxc5 19. dxc5 Qxc5 $11) 17...
Bb7 18. b3 Nd6 19. Ne5 Rfc8 20. f3 {[%emt 0:03:32] Prevents Nde4.}
Qd8 (20... Qc7 $142 21. axb5 Nxb5) 21. axb5 $18 Nxb5 {[%emt 0:07:43] [#]} 22. Bxb5 (22. Nxf7 $1 $18 {
is the precise move to win.} Kxf7 23. Nxb7) 22... Bxc5 $16 23.
dxc5 axb5 24. Rxa8 Bxa8 25. Bh4 g5 26. Bf2 (26. Be1 $142) 26... Nd7 27. Nxd7 Qxd7 28. Qc3 Qe7 {[%emt 0:00:51] Against Qf6}
29. Bg3 f6 $1 30. Bd6 Qf7 31. Ra1 Bc6 32. h3 Ra8 $2 {[%emt 0:01:20] Against Ra6} (32... h5 $16) 33. Rxa8+ $18 Bxa8 {[%emt 0:00:04] Endgame KQB-KQB} 34. Qa5 $2 (34. c6 $18) 34... Bc6 (34... Qe8 $1 $11) 35. Qd8+ $1 $14 Kg7 36. Kf2 {[%emt 0:01:11] White is much
more active.} (36. Be7 $14) 36... Qe8 37. Qc7+ Qd7 38. Qb8 {[%emt 0:00:08] [#] Qf8+ is the strong threat.}
Qe8 {[%emt 0:00:09] Prevents Qf8+.} 39. Qb6 Qd7 40. Ke2 h5 41. Kd2 e5 42. Kc3 Kf7 43. Kb4 d4 44. exd4 exd4 45.
Qa6 Qe8 46. Qa7+ Kg6 {
[%emt 0:02:49] ( -> ...Qe1+)} 47. Qe7 {[%emt 0:04:09] Against Qe1+} Qxe7 48. Bxe7 $11 {[%emt 0:00:03] KB-KB} f5 49. h4 g4 50. fxg4 (50. Bd6 $11)
50... hxg4 $17 51. Bd6 {[%emt 0:05:24] Threatens to win with
g3.} Bxg2 52. Kxb5 (52. Ka3 $17 {was worth a
try.}) 52... Bd5 $2 (52... d3 $19 53. Bf4 Kh5) 53. Kb4 $1 $11
{[%emt 0:01:15] The position is equal.} Kh5 54. Bg3 f4 55. Bxf4 Kxh4 56.
c6 Bxc6 57. Kc4 {[%emt 0:00:10] Never resign
too early! Weighted Error Value: White=0.23 (precise) /Black=0.28 (precise)}
1/2-1/2